 Dungeon Crawl Stone Soup version 0.29-a0-359-g541a27f54d (webtiles) character file.

Game seed: 4269991030403567034

5 domi the Magician (level 1, 0/13 HPs)
             Began as a Demonspawn Hedge Wizard on Apr 27, 2022.
             Slain by a kobold
             ... wielding a +0 whip of venom
              (4 damage)
             ... on level 1 of the Dungeon.
             The game lasted 00:00:29 (309 turns).

domi the Magician (Demonspawn Hedge Wizard)          Turns: 309, Time: 00:00:29

Health: 0/13       AC:  2    Str: 10    XL:     1   Next: 66%
Magic:  1/4        EV: 12    Int: 15    God:
Gold:   9          SH:  0    Dex: 12    Spells: 5/6 levels left

rFire   . . .      SeeInvis .   a - +0 dagger
rCold   . . .      Faith    .   (no shield)
rNeg    . . .      Spirit   .   b - +0 robe
rPois   .          Reflect  .   c - +0 hat
rElec   .          Harm     .   (no cloak)
rCorr   .          Rampage  .   (no gloves)
Will    .....                   (no boots)
Stlth   ++........              (no amulet)
HPRegen 0.04/turn               (no ring)
MPRegen 0.09/turn               (no ring)

@: no status effects
A: no striking features
a: no special abilities


You were on level 1 of the Dungeon.
You visited 1 branch of the dungeon, and saw 1 of its levels.

You collected 9 gold pieces.

Inventory:

Hand Weapons
 a - a +0 dagger (weapon)
Armour
 b - a +0 robe (worn)
 c - a +0 hat (worn)
Potions
 d - a potion of magic


   Skills:
 - Level 1.7 Dodging
 - Level 1.7 Stealth
 - Level 3.0 Spellcasting
 + Level 1.8 Conjurations
 - Level 1.0 Summonings
 - Level 0.8 Translocations


You had 5 spell levels left.
You knew the following spells:

 Your Spells              Type           Power      Damage    Failure   Level
z - Magic Dart            Conj           28%        1d4       10%         1

Your spell library contained the following spells:

 Spells                   Type           Power      Damage    Failure   Level
 Slow                     Hex            8%         N/A       21%         1
 Call Imp                 Summ           5%         N/A       21%         2
 Blink                    Tloc           8%         N/A       22%         2
 Conjure Flame            Conj/Fire      4%         6-21      38%         3
 Mephitic Cloud           Conj/Pois/Air  4%         N/A       43%         3


Dungeon Overview and Level Annotations

Branches:
Dungeon (1/15)

Altars:


Message History

You now have 0/4 mp.
You start resting.
Health restored: 13; MP restored: 4 You see here a bat corpse.
You now have 9 gold pieces.
You see here a +0 ring mail.
A giant cockroach comes into view.
A giant cockroach is nearby!
A giant cockroach is nearby!
A giant cockroach is nearby!
A giant cockroach is nearby!
Aim: a giant cockroach (asleep, 100% to hit)
The magic dart hits the giant cockroach but does no damage.
You now have 3/4 mp.
Aim: a giant cockroach (100% to hit)
The magic dart hits the giant cockroach.
You now have 2/4 mp.
Aim: a giant cockroach (heavily wounded, 100% to hit)
The magic dart hits the giant cockroach but does no damage.
You now have 1/4 mp.
Aim: a giant cockroach (heavily wounded, 100% to hit)
The magic dart hits the giant cockroach.
You kill the giant cockroach!
You now have 0/4 mp.
You don't have enough magic to cast this spell.
You don't have enough magic to cast this spell.
You don't have enough magic to cast this spell.
Found a runed short sword.
MP restored: 4 A kobold and a giant cockroach come into view.
The kobold is wielding a +0 whip of venom.
The kobold shouts!
There are monsters nearby!
There are monsters nearby!
There are monsters nearby!
Aim: a giant cockroach (wandering, hasn't noticed you, 100% to hit)
The magic dart hits the giant cockroach.
You now have 3/4 mp.
Aim: a giant cockroach (moderately wounded, 100% to hit)
The magic dart hits the giant cockroach but does no damage.
You now have 2/4 mp.
Aim: a giant cockroach (moderately wounded, 100% to hit)
The magic dart hits the giant cockroach but does no damage.
You now have 1/4 mp.
Aim: a giant cockroach (moderately wounded, 100% to hit)
The magic dart hits the giant cockroach but does no damage.
The giant cockroach bites you but does no damage.
The giant cockroach closely misses you.
You now have 0/4 mp.
You don't have enough magic to cast this spell.
You don't have enough magic to cast this spell.
You don't have enough magic to cast this spell.
Unknown command.
You hit the giant cockroach but do no damage.
The giant cockroach barely misses you.
You hit the giant cockroach but do no damage.
The giant cockroach bites you but does no damage.
A goblin comes into view. It is wielding a +0 club.
You barely miss the giant cockroach.
The goblin shouts!
The giant cockroach barely misses you.
You completely miss the giant cockroach.
The giant cockroach bites you.
You take 1 damage, and have 12/13 hp.
The giant cockroach bites you.
You take 1 damage, and have 11/13 hp.
You barely miss the giant cockroach. The giant cockroach bites you.
You take 1 damage, and have 10/13 hp.
You closely miss the giant cockroach.
The giant cockroach bites you but does no damage.
You barely miss the giant cockroach. The giant cockroach misses you.
You barely miss the giant cockroach.
The giant cockroach waves its antennae.
The giant cockroach bites you but does no damage.
You hit the giant cockroach. The giant cockroach bites you.
The giant cockroach waves its antennae.
The giant cockroach closely misses you.
You take 2 damage, and have 9/13 hp.
You barely miss the giant cockroach. The giant cockroach bites you.
You take 1 damage, and have 8/13 hp.
You hit the giant cockroach but do no damage.
The giant cockroach misses you.
You closely miss the giant cockroach.
The giant cockroach bites you but does no damage.
You closely miss the giant cockroach.
The giant cockroach bites you but does no damage.
You hit the giant cockroach but do no damage.
The giant cockroach bites you. The giant cockroach closely misses you.
You take 1 damage, and have 7/13 hp.
You hit the giant cockroach. The giant cockroach barely misses you.
You hit the giant cockroach.
You kill the giant cockroach!
You closely miss the kobold.
The kobold hits you with a +0 whip of venom.
You take 3 damage, and have 4/13 hp.
MASSIVE DAMAGE!!
Aim: a kobold, wielding a +0 whip of venom and quivering stones (100% to hit)
The magic dart hits the kobold.
The kobold hits you with a +0 whip of venom.
You die...

... .. .. .
##) #.####.#
#.....g# #K#
#@# ###.#
#...# #.###
#.# #.# #.#
##########.##
.
#.......#...##


You could see a goblin and a kobold.

Vanquished Creatures
  A ball python (D:1)
  2 giant cockroaches (D:1)
  A bat (D:1)
  A rat (D:1)
5 creatures vanquished.

Notes
Turn   | Place    | Note
-------+----------+-------------------------------------------
     0 | D:1      | domi the Demonspawn Hedge Wizard began the quest for the
                  | Orb.
     0 | D:1      | Reached XP level 1. HP: 13/13 MP: 4/4
   309 | D:1      | Slain by a kobold

Illustrated notes

Levels and vault maps discovered:
D:1:      minmay_arrival_jagged, layout_loops_ring, serial_shops,
          nicolae_shop_behind_doors, kennysheep_decorative_pillar

Action                   || total
-------------------------++-------
Melee: Dagger            ||    22
 Cast: Magic Dart        ||    14
Armor: Robe              ||    12
Dodge: Dodged            ||    20

Table legend: (Time is in decaauts)
 A = Elapsed time spent in this place.
 B = Non-inter-level travel time spent in this place.
 C = Inter-level travel time spent in this place.
 D = Time resting spent in this place.
 E = Time spent auto-exploring this place.
 F = Levels seen in this place.
 G = Mean time per level.
                   A        B        C        D        E       F      G
               +--------+--------+--------+--------+--------+-----+--------+
         Total |    309 |    309 |      0 |    110 |    150 |   1 |  309.0 |
       Dungeon |    309 |    309 |      0 |    110 |    150 |   1 |  309.0 |
               +--------+--------+--------+--------+--------+-----+--------+

Top non-repeatable levels by time:
     D:1: 309 daAuts

Table legend:
 A = Kills in this place as a percentage of kills in entire the game.
 B = Kills by you in this place as a percentage of kills by you in the entire game.
 C = Kills by friends in this place as a percentage of kills by friends in the entire game.
 D = Other kills in this place as a percentage of other kills in the entire game.
 E = Experience gained in this place as a percentage of experience gained in the entire game.
 F = Experience gained in this place divided by the number of levels of this place that you have seen.
                   A       B       C       D       E      F
               +-------+-------+-------+-------+-------+----------------------
         Total | 100.0 | 100.0 |   N/A |   N/A | 100.0 |   8.0
       Dungeon | 100.0 | 100.0 |   N/A |   N/A | 100.0 |   8.0
               +-------+-------+-------+-------+-------+----------------------
